AoeStats
← jens_steffen1

Black Forest

509878223Analyzed
4v4 RM · 3d ago on Sep 28, 2026· 62m 13s· 8 players
Game mode
Random Map
Map size
Large (8 player)
Population
200
Speed
Normal
Resources
Standard
Victory
Conquest
Starting age
Dark Age
Ending age
Imperial Age
RankedLock teamsTeams togetherTeam positionsShared explorationLock speedFull tech treeHidden civsTurbo modeCheats
Victory
Defeat
🇨🇿 Britons · Czechia
889
+15
🇹🇷 Cumans · Türkiye
885
+15
🇬🇷 Celts · Greece
883
+15
🇩🇪 Portuguese · Germany
784
+19
🇦🇷 Bohemians · Argentina
928
-19
🇹🇼 Britons · Taiwan
874
-17
🇨🇱 Franks · Chile
844
-15
🇦🇷 Aztecs · Argentina
793
-13
Quincha
11:58 Feudal Age
16:45 Castle Age
15:39 Double-Bit Axe
17:22 Scale Barding Armor
17:29 Forging
18:08 Stone Mining
28:42 Wheelbarrow
28:32 Gold Mining
29:06 Fletching
29:22 Scale Barding Armor
29:54 Iron Casting
32:54 Imperial Age
30:56 Hand Cart
30:30 Town Watch
31:37 Husbandry
32:00 Chain Barding Armor
33:53 Bodkin Arrow
34:00 Cavalier
35:46 Blast Furnace
35:22 Plate Barding Armor
36:37 Chivalry
37:03 Paladin
40:00 Gold Shaft Mining
39:42 Padded Archer Armor
40:50 Caravan
40:13 Elite Skirmisher
43:17 Leather Archer Armor
43:02 Scale Mail Armor
46:26 Chemistry
45:07 Treadmill Crane
49:25 Chain Mail Armor
49:41 Ballistics
49:27 Pikeman
50:08 Squires
49:54 Gambesons
53:45 Plate Mail Armor
53:30 Bow Saw
交保候傳
0:32 Loom
23:34 Feudal Age
26:03 Wheelbarrow
25:27 Double-Bit Axe
25:28 Horse Collar
31:19 Castle Age
30:48 Gold Mining
30:48 Stone Mining
31:39 Fletching
32:26 Bow Saw
32:54 Gold Shaft Mining
34:08 Hand Cart
34:44 Heavy Plow
36:30 Bodkin Arrow
41:47 Imperial Age
40:07 Ballistics
39:54 Padded Archer Armor
41:49 Town Watch
42:23 Leather Archer Armor
43:01 Conscription
43:51 Two-Man Saw
43:41 Bracer
44:08 Siege Engineers
46:14 Town Patrol
47:33 Ring Archer Armor
47:38 Yeomen
48:37 Elite Longbowman
51:21 Chemistry
50:01 Treadmill Crane
50:18 Murder Holes
60:04 Elite Skirmisher
Maximocozeti686
3:01 Loom
13:03 Feudal Age
17:11 Horse Collar
17:20 Double-Bit Axe
17:28 Gold Mining
17:29 Stone Mining
21:46 Castle Age
22:58 Heavy Plow
23:11 Bow Saw
23:41 Gold Shaft Mining
23:41 Stone Shaft Mining
36:36 Imperial Age
36:10 Ballistics
35:41 Guard Tower
36:02 Fortified Wall
35:48 Murder Holes
36:16 Town Watch
37:07 Wheelbarrow
36:21 Eagle Warrior
37:18 Caravan
37:48 Coinage
38:31 Atlatl
38:38 Treadmill Crane
38:48 Heated Shot
40:53 Padded Archer Armor
40:43 Fletching
41:04 Forging
40:54 Scale Mail Armor
52:46 Elite Eagle Warrior
54:00 Elite Skirmisher
54:06 Elite Skirmisher
56:01 Banking
55:28 Elite Jaguar Warrior
61:52 Gambesons
62:07 Squires
61:52 Arson
62:00 Sappers
Cheu7855
1:02 Loom
12:47 Feudal Age
18:37 Castle Age
18:45 Double-Bit Axe
28:13 Wheelbarrow
27:23 Town Watch
27:24 Horse Collar
29:46 Bow Saw
32:58 Imperial Age
31:37 Chemistry
32:34 Ballistics
33:02 Hand Cart
32:48 Town Patrol
33:09 Masonry
34:48 Hussite Reforms
34:48 Wagenburg Tactics
35:05 Conscription
34:51 Heavy Plow
35:55 Fishing Lines
37:44 Two-Man Saw
37:29 Pikeman
38:09 Squires
37:55 Arson
37:35 Houfnice
39:21 Halberdier
47:01 Forging
46:51 Scale Mail Armor
54:56 Siege Engineers
55:21 Architecture
54:47 Murder Holes
55:05 Elite Hussite Wagon
60:24 Caravan
MiyamotoMusashi27
3:30 Loom
16:11 Feudal Age
25:55 Wheelbarrow
25:16 Horse Collar
25:24 Double-Bit Axe
27:49 Fishing Lines
32:55 Castle Age
30:43 Town Watch
31:13 Fletching
31:24 Padded Archer Armor
33:07 Stone Mining
33:11 Gold Mining
35:09 Bow Saw
35:10 Heavy Plow
37:35 Gold Shaft Mining
38:02 Bodkin Arrow
38:23 Leather Archer Armor
38:43 Hand Cart
38:29 Town Patrol
38:52 Caravan
39:23 Coinage
39:14 Forging
39:12 Scale Barding Armor
39:53 Steppe Husbandry
40:42 Iron Casting
42:43 Imperial Age
40:37 Ballistics
40:14 Murder Holes
41:25 Bloodlines
42:46 Masonry
43:02 Chain Barding Armor
45:25 Ring Archer Armor
45:31 Plate Barding Armor
45:57 Blast Furnace
45:16 Cuman Mercenaries
44:39 Elite Kipchak
46:25 Chemistry
46:48 Conscription
47:15 Elite Steppe Lancer
50:35 Banking
50:16 Guilds
63:14 Two-Man Saw
62:52 Crop Rotation
Flachyc
11:16 Feudal Age
12:02 Double-Bit Axe
12:43 Horse Collar
17:41 Castle Age
18:46 Bow Saw
18:59 Pikeman
23:09 Squires
24:06 Padded Archer Armor
28:15 Wheelbarrow
27:58 Leather Archer Armor
27:43 Scale Mail Armor
27:54 Forging
27:34 Fletching
27:33 Arson
32:55 Imperial Age
31:33 Gold Mining
31:34 Stone Mining
31:42 Bodkin Arrow
32:03 Chain Mail Armor
32:23 Iron Casting
33:09 Onager
35:06 Bracer
35:41 Elite Longbowman
37:18 Yeomen
38:11 Conscription
38:21 Halberdier
43:55 Two-Man Saw
44:02 Chemistry
47:44 Plate Mail Armor
48:15 Blast Furnace
47:47 Ring Archer Armor
49:37 Ballistics
jens_steffen1
0:44 Loom
17:50 Feudal Age
18:34 Horse Collar
18:43 Double-Bit Axe
21:00 Gold Mining
24:52 Wheelbarrow
28:53 Castle Age
29:01 Stone Mining
29:49 Town Watch
31:26 Stone Shaft Mining
31:44 Bow Saw
32:53 Hand Cart
32:51 Heavy Plow
36:56 Caravan
36:45 Treadmill Crane
39:10 Fortified Wall
39:11 Masonry
39:24 Ballistics
41:47 Imperial Age
40:36 Town Patrol
40:43 Padded Archer Armor
40:33 Fletching
43:49 Chemistry
42:56 Siege Engineers
42:48 Bodkin Arrow
43:08 Leather Archer Armor
43:04 Forging
42:54 Scale Mail Armor
44:07 Two-Man Saw
43:40 Crop Rotation
46:15 Conscription
45:53 Pikeman
46:45 Bracer
47:00 Leather Archer Armor
47:36 Arquebus
48:44 Elite Organ Gun
53:03 Halberdier
54:28 Architecture
54:38 Iron Casting
54:18 Chain Mail Armor
54:20 Leather Archer Armor
57:03 Arson
59:28 Blast Furnace
58:58 Plate Mail Armor
58:59 Ring Archer Armor
58:18 Gambesons
57:53 Man-at-Arms
59:02 Long Swordsman
60:52 Two-Handed Swordsman
afanas
11:21 Feudal Age
16:04 Castle Age
14:12 Double-Bit Axe
14:08 Horse Collar
18:06 Bow Saw
20:06 Heavy Plow
20:42 Fishing Lines
22:13 Wheelbarrow
22:38 Heavy Plow
24:14 Gold Mining
25:12 Gillnets
29:14 Pikeman
29:40 Arson
31:54 Gold Shaft Mining
31:24 Stronghold
34:45 Imperial Age
32:04 Loom
32:35 Hand Cart
32:06 Town Watch
33:57 Scale Mail Armor
34:08 Forging
34:50 Capped Ram
34:54 Halberdier
36:03 Conscription
35:53 Siege Engineers
36:00 Furor Celtica
36:11 Chain Mail Armor
36:31 Iron Casting
36:28 Siege Ram
39:10 Heavy Scorpion
44:23 Plate Mail Armor
44:54 Blast Furnace
43:17 Elite Woad Raider
44:33 Hoardings
48:08 Fletching
49:58 Caravan
50:09 Guilds
57:21 Onager
58:41 Siege Onager
60:54 Fortified Wall
60:55 Masonry
60:58 Fortified Wall
Connection lost

Rejoining the realm…

Still unreachable

The connection could not be restored.

Session expired

The server has moved on; the page needs a fresh start.